 Dungeon Crawl Stone Soup version 0.22-a0-567-gff9aefc (webtiles) character file.

11 inc the Vexing (level 2, -1/11 HPs)
             Began as a Felid Enchanter on June 29, 2018.
             Hit by a stone thrown by a kobold (2 damage)
             ... on level 1 of the Dungeon.
             The game lasted 00:01:29 (574 turns).

inc the Vexing (Felid Enchanter)                     Turns: 574, Time: 00:01:30

Health: -1/11      AC:  1    Str:  4    XL:     2   Next: 13%
Magic:  5/6        EV: 18    Int: 16    God:
Gold:   13         SH:  0    Dex: 16    Spells: 4/5 levels left
                                        Lives:  0   Deaths: 0

rFire    . . .     SeeInvis +     - Unarmed
rCold    . . .     Gourm    .   (shield unavailable)
rNeg     . . .     Faith    .   (armour unavailable)
rPois    .         Spirit   .   (helmet unavailable)
rElec    .         Reflect  .   (cloak unavailable)
rCorr    .         Harm     .   (gloves unavailable)
MR       +....                  (boots unavailable)
Stlth    +++.......             (no amulet)
HPRegen  0.03/turn              d - ring of protection from magic
MPRegen  0.10/turn              (no ring)

@: quick
A: very small, no armour, no weapons or thrown items, stealth, claws 1, fangs 3,
see invisible, carnivore, speed 1, shaggy fur 1, slow metabolism 1, sharp paws
a: no special abilities


You were on level 1 of the Dungeon.
You were not hungry.

You visited 1 branch of the dungeon, and saw 1 of its levels.

You collected 13 gold pieces.

Inventory:

Jewellery
 d - a ring of protection from magic (left paw)
Scrolls
 a - a scroll of remove curse {unknown}
 e - a scroll of amnesia {unknown}
Potions
 c - a potion of might {unknown}
Comestibles
 b - 2 rations


   Skills:
 - Level 2.6 Dodging
 - Level 4.0 Stealth
 - Level 1.0 Unarmed Combat
 - Level 2.0 Spellcasting
 + Level 5.4 Hexes


You had 4 spell levels left.
You knew the following spells:

 Your Spells              Type           Power        Failure   Level  Hunger
a - Corona                Hex            ###....      2%          1    #......

Your spell library contained the following spells:

 Spells                   Type           Power        Failure   Level  Hunger
 Confuse                  Hex            ###.....     7%          3    ###....
 Tukima's Dance           Hex            ###.....     7%          3    ###....
 Ensorcelled Hibernation  Hex/Ice        ##....       11%         2    ###....
 Dazzling Spray           Conj/Hex       ##....       21%         3    ###....


Dungeon Overview and Level Annotations

Branches:
Dungeon (1/15)

Altars:


Innate Abilities, Weirdness & Mutations

You cannot wear armour.
You are incapable of wielding weapons or throwing items.
Your paws allow you to move quietly. (Stealth)
You have sharp claws.
You have razor-sharp teeth.
You have supernaturally acute eyesight. (SInv)
You are carnivorous and can eat meat at any time.
You cover ground quickly.
You are covered in fur. (AC +1)
You have a slow metabolism.
Your sharp claws are effective at attacking unaware monsters.


Message History

You scratch the kobold but do no damage.
The kobold stops glowing.
The kobold barely misses you.
You barely miss the kobold. You bite the kobold, but do no damage.
The kobold barely misses you.
You scratch the kobold but do no damage.
The kobold hits you with a dagger.
Casting: Corona (safe; 2% risk of failure)
Confirm with . or Enter, or press ? or * to list all spells.
Aiming: Corona (safe; 2% risk of failure)
Press: ? - help, Shift-Dir - straight line, f/p - kobold
Aim: a kobold, wielding a dagger and wearing a troll leather armour (chance to defeat MR: 73%)
The kobold is outlined in light.
The kobold barely misses you.
You scratch the kobold but do no damage.
The kobold closely misses you.
You closely miss the kobold. The kobold misses you.
You scratch the kobold but do no damage.
The kobold hits you with a dagger.
* * * LOW HITPOINT WARNING * * *
The kobold throws a stone.
The stone hits you.
You die...

.....###.####.........#
####.....# #.........#
###...# #.........# #.g
##.#.# ###.##.### #..
#..#... .. .# ....
###.####..## .# .....
#>..# ###..##
#....###.####.......
........rK..@(# #.#
........####### .#
.........# ...%.....#
.........# ...r.....#
.........# ........##
........#


You could see a kobold and a rat.

Vanquished Creatures
  A dart slug (D:1)
  A jackal (D:1)
  4 bats (D:1)
  2 kobolds (D:1)
  2 rats (D:1)
10 creatures vanquished.

Notes
Turn   | Place    | Note
-------+----------+-------------------------------------------
     0 | D:1      | inc the Felid Enchanter began the quest for the Orb.
     0 | D:1      | Reached XP level 1. HP: 7/7 MP: 4/4
   336 | D:1      | Reached skill level 5 in Hexes
   360 | D:1      | Reached XP level 2. HP: 10/11 MP: 1/6
   574 | D:1      | Hit by a stone thrown by a kobold

Vault maps used:
D:1:      ncdulo_watergridlock, corexii_corridor_pit, minivault_24

Skill      XL: |  1 |
---------------+----+-----
Hexes          | 5 |  5.4
Dodging        | |  2.6
Stealth        | |  4.0
Unarmed Combat | |  1.0
Spellcasting   | |  2.0

Action                   || total
-------------------------++-------
Melee: Unarmed           ||    56
       Bite              ||     6
 Cast: Corona            ||    14
Armor: Skin              ||     9
Dodge: Dodged            ||    64

Table legend:
 A = Spawn XP
 B = Non-spawn XP
 C = Spawn XP percentage of total XP
 D = Spawn monster count
 E = Non-spawn monster count
 F = Spawn count percentage of total count
 G = Total turns spent on level
                    A         B        C        D         E        F      G
               +---------+---------+-------+---------+---------+-------+---------
         Total |       0 |      16 |   0.0 |       0 |      10 |   0.0 |   574
               +---------+---------+-------+---------+---------+-------+---------
           D:1 |       0 |      16 |   0.0 |       0 |      10 |   0.0 |   574
               +---------+---------+-------+---------+---------+-------+---------
